 Dungeon Crawl Stone Soup version 0.25-a0-35-g747a2b3c0c (webtiles) character file.

Game seed: 14619375956823599810, levelgen mode: deterministic

102935 Mort the Thaumaturge (level 16, 0/123 HPs)
             Began as a Gnoll Necromancer on Oct 16, 2019.
             Was the Champion of Okawaru.
             Slain by Jorgrun
             ... wielding an uncursed staff of earth
              (12 damage)
             ... on level 1 of the Spider Nest on Oct 18, 2019.
             The game lasted 02:44:51 (38152 turns).

Mort the Thaumaturge (Gnoll Necromancer)           Turns: 38152, Time: 02:44:53

Health: 0/123      AC: 34    Str: 12    XL:     16   Next: 34%
Magic:  8/31       EV: 12    Int: 30    God:    Okawaru [******]
Gold:   2621       SH: 12    Dex: 22    Spells: 10/38 levels left

rFire    . . .     SeeInvis +   a - +2 dagger (venom)
rCold    . . .     Gourm    .   G - +0 buckler
rNeg     + + .     Faith    .   I - +12 chain mail of Zodusag {rElec rCorr Int+4}
rPois    .         Spirit   .   h - +1 helmet {SInv}
rElec    +         Reflect  +   U - +1 cloak "Vack" {rN++ Str+2 Slay+2}
rCorr    +         Harm     .   s - +2 pair of gloves {Dex+3}
MR       +....                  (no boots)
Stlth    ++++......             A - +3 amulet of reflection
HPRegen  0.30/turn              H - +4 ring of intelligence
MPRegen  0.22/turn              N - +3 ring of slaying

@: heroism, grasped by roots, very slightly contaminated, constricted
A: distributed training, fangs 1, strong nose
a: Heroism, Finesse, Renounce Religion


You were on level 1 of the Spider Nest.
You worshipped Okawaru.
Okawaru was exalted by your worship.
You were not hungry.

You visited 4 branches of the dungeon, and saw 24 of its levels.
You also visited: Gauntlet.

You collected 2621 gold pieces.

Inventory:

Hand Weapons
 a - a +2 dagger of venom (weapon)
 b - a +4 trident of draining
 O - the +7 great sword of the Modern Demons {slice, rElec rC+ Int+4 SInv}
   (Okawaru gifted it to you on level 1 of the Lair of Beasts)

   It inflicts extra damage upon your enemies.
   It affects your intelligence (+4).
   It protects you from cold.
   It insulates you from electricity.
   It lets you see invisible.
 V - the +3 war axe "Dioden" {drain, rElec rF- MR+ Dex+7}
   (Okawaru gifted it to you on level 5 of the Lair of Beasts)

   A truly terrible weapon, it drains the life of those it strikes.
   It affects your dexterity (+7).
   It makes you vulnerable to fire.
   It insulates you from electricity.
   It affects your resistance to hostile enchantments.
Missiles
 e - 10 curare-tipped darts
 p - 788 arrows
 r - 95 poisoned darts (quivered)
 M - a throwing net
 Y - 96 bolts
Armour
 h - a +1 helmet of see invisible (worn)
 s - a +2 pair of gloves of dexterity (worn)
 G - a +0 buckler (worn)
 I - the +12 chain mail of Zodusag (worn) {rElec rCorr Int+4}
   (You found it on level 6 of the Dungeon)

   It affects your intelligence (+4).
   It insulates you from electricity.
   It provides partial protection from all sources of acid and corrosion.
 U - the +1 cloak "Vack" (worn) {rN++ Str+2 Slay+2}
   (You found it on level 6 of the Lair of Beasts)

   It affects your strength (+2).
   It affects your accuracy and damage with ranged weapons and melee attacks
   (+2).
   It greatly protects you from negative energy.
Magical Staves
 J - an uncursed staff of poison
Jewellery
 m - an uncursed ring of protection from cold
 A - a +3 amulet of reflection (around neck)
 C - an uncursed ring of poison resistance
 H - a +4 ring of intelligence (left hand)
 N - a +3 ring of slaying (right hand)
 S - an uncursed ring of wizardry
 Z - an uncursed ring of positive energy
Wands
 d - a wand of scattershot (5)
 u - a wand of enslavement (12)
 y - a wand of clouds (7)
 K - a wand of flame (17)
 L - a wand of digging (2)
Scrolls
 g - 4 scrolls of immolation
 n - 9 scrolls of enchant armour
 t - a scroll of fog
 v - 4 scrolls of fear
 w - 4 scrolls of teleportation
 x - 10 scrolls of remove curse
 P - a scroll of enchant weapon
 Q - 4 scrolls of magic mapping
 W - 2 scrolls of blinking
 X - 2 scrolls of identify
Potions
 f - 3 potions of magic
 i - 4 potions of haste
 j - 6 potions of curing
 l - a potion of flight
 o - 2 potions of berserk rage
 q - 5 potions of agility
 z - 4 potions of brilliance
 B - 4 potions of lignification
 E - 2 potions of ambrosia
 F - a potion of might
 R - 2 potions of resistance
Miscellaneous
 T - a phial of floods
Comestibles
 c - 33 rations


   Skills:
 + Level 10.5(15.5) Fighting
 + Level 10.5(15.5) Short Blades
 + Level 10.5(15.5) Long Blades
 + Level 10.5(15.5) Axes
 + Level 10.5(15.5) Maces & Flails
 + Level 10.5(15.5) Polearms
 + Level 10.5(15.5) Staves
 + Level 10.5(15.5) Slings
 + Level 10.5(15.5) Bows
 + Level 10.5(15.5) Crossbows
 + Level 10.5(15.5) Throwing
 + Level 10.5(15.5) Armour
 + Level 11.4(16.4) Dodging
 + Level 11.3(16.3) Stealth
 + Level 10.5(15.5) Shields
 + Level 10.5(15.5) Unarmed Combat
 + Level 11.6 Spellcasting
 + Level 9.0 Conjurations
 + Level 9.0 Hexes
 + Level 9.0 Charms
 + Level 9.0 Summonings
 + Level 11.2 Necromancy
 + Level 9.0 Translocations
 + Level 9.0 Transmutations
 + Level 9.0 Fire Magic
 + Level 9.0 Ice Magic
 + Level 9.0 Air Magic
 + Level 9.0 Earth Magic
 + Level 9.0 Poison Magic
 + Level 11.4 Invocations
 + Level 10.5 Evocations


You had 10 spell levels left.
You knew the following spells:

 Your Spells              Type           Power        Failure   Level  Hunger
a - Pain                  Necr           ####         1%          1    None
b - Vampiric Draining     Necr           ######....   1%          3    None
c - Animate Skeleton      Necr           N/A          1%          1    None
d - Regeneration          Chrm/Necr      ######....   1%          3    None
e - Call Imp              Summ           ######..     1%          2    None
f - Call Canine Familiar  Summ           ######..     2%          3    None
g - Ensorcelled Hibernat  Hex/Ice        ######       1%          2    None
h - Poisonous Vapours     Pois/Air       ######       1%          2    None
i - Mephitic Cloud        Conj/Pois/Air  ######..     2%          3    None
j - Olgreb's Toxic Radia  Pois           ######..     10%         4    None
k - Petrify               Tmut/Erth      ######..     10%         4    None

Your spell library contained the following spells:

 Spells                   Type           Power        Failure   Level  Hunger
 Apportation              Tloc           ######       1%          1    None
 Confusing Touch          Hex            ######       1%          1    None
 Corona                   Hex            ######.      1%          1    None
 Flame Tongue             Conj/Fire      #####        1%          1    None
 Freeze                   Ice            ####         1%          1    None
 Sandblast                Erth           ######       1%          1    None
 Sting                    Conj/Pois      ####         1%          1    None
 Summon Small Mammal      Summ           ####         1%          1    None
 Passwall                 Tmut/Erth      ######..     1%          2    None
 Slow                     Hex            ######..     1%          2    None
 Swiftness                Chrm/Air       ######..     1%          2    None
 Throw Flame              Conj/Fire      ######       1%          2    None
 Throw Frost              Conj/Ice       ######       1%          2    None
 Confuse                  Hex            ######..     2%          3    None
 Conjure Flame            Conj/Fire      ######..     2%          3    None
 Dazzling Spray           Conj/Hex       ######       2%          3    None
 Ignite Poison            Fire/Tmut/Pois ######..     2%          3    None
 Inner Flame              Hex/Fire       ######..     2%          3    None
 Ozocubu's Armour         Chrm/Ice       ######..     2%          3    None
 Portal Projectile        Hex/Tloc       ######       2%          3    None
 Static Discharge         Conj/Air       ######..     2%          3    None
 Stone Arrow              Conj/Erth      ######       2%          3    None
 Summon Guardian Golem    Hex/Summ       ######..     2%          3    None
 Tukima's Dance           Hex            ######..     2%          3    None
 Animate Dead             Necr           N/A          3%          4    None
 Cause Fear               Hex            ######....   10%         4    None
 Ice Form                 Ice/Tmut       ######..     10%         4    None
 Leda's Liquefaction      Hex/Erth       ######....   10%         4    None
 Passage of Golubria      Tloc           N/A          10%         4    None
 Sticky Flame             Conj/Fire      ######..     10%         4    None
 Summon Ice Beast         Ice/Summ       ######..     10%         4    None
 Summon Lightning Spire   Summ/Air       ######..     10%         4    None
 Throw Icicle             Conj/Ice       ######..     10%         4    None
 Bolt of Magma            Conj/Fire/Erth ######....   26%         5    ##.....
 Fireball                 Conj/Fire      ######....   26%         5    ##.....
 Irradiate                Conj/Tmut      ######....   26%         5    ##.....
 Iskenderun's Battlesphe  Conj/Chrm      ######..     26%         5    ##.....
 Lee's Rapid Deconstruct  Erth           ######....   26%         5    ##.....
 Lightning Bolt           Conj/Air       ######....   26%         5    ##.....
 Silence                  Hex/Air        ######....   26%         5    ##.....
 Venom Bolt               Conj/Pois      ######....   26%         5    ##.....
 Darkness                 Hex            ######....   82%         6    #####..
 Deflect Missiles         Chrm/Air       ######....   82%         6    #####..
 Freezing Cloud           Conj/Ice/Air   ######....   82%         6    #####..
 Hydra Form               Tmut           ######....   82%         6    #####..
 Invisibility             Hex            ######..     82%         6    #####..
 Iron Shot                Conj/Erth      ######....   82%         6    #####..
 Statue Form              Tmut/Erth      ######...    82%         6    #####..
 Dragon Form              Tmut           ######....   100%        7    ######.
 Orb of Destruction       Conj           ######....   100%        7    ######.
 Spellforged Servitor     Conj/Summ      ######....   100%        7    ######.
 Discord                  Hex            ######....   100%        8    #######
 Ignition                 Fire           ######....   100%        8    #######
 Shatter                  Erth           ######....   100%        9    #######
 Tornado                  Air            ######....   100%        9    #######


Dungeon Overview and Level Annotations

Branches:
Dungeon (15/15)            Temple (0/1) D:6            Lair (6/6) D:9
 Shoals (0/4) Lair:2       Spider (1/4) Lair:3        Slime (0/5) Lair:5
    Orc (2/2) D:11            Elf (0/3) Orc:2        Vaults (0/5) D:14
 Depths (0/5) D:15        Gauntlet (visited)

Altars:
Cheibriados
Elyvilon
Gozag
Kikubaaqudgha
Nemelex Xobeh
Okawaru
Qazlal
Uskayaw
Vehumet
Wu Jian
The Shining One
Beogh

Shops:
D:5 [   D:8 %   Orc:2 *:[(

Portals:
Trove: D:11 (give 4 potions of resistance)

Annotations:
D:13 3 runed translucent doors, demivan's ghost, journeyman GnFi
Spider:1 Jorgrun


Innate Abilities, Weirdness & Mutations

Your experience applies equally to all skills.
You have very sharp teeth.
Your uncanny sense of smell can sniff out nearby items.


Message History

Aim: Jorgrun, wielding a staff of earth and wearing a +2 robe of cold resistance (poison gas, heavily wounded, poisoned)
The poisonous vapours increase!
Jorgrun is engulfed in poison gas.
Jorgrun looks as sick as possible!
Jorgrun says, "Tha earth be me home, an' ye be trespassing!"
Jorgrun closely misses you. The grasping roots constrict you.
You closely miss Jorgrun.
Jorgrun is heavily wounded.
You barely miss Jorgrun.
Jorgrun is heavily wounded.
The demonic crawler hits you but does no damage.
The demonic crawler barely misses you. You block the demonic crawler's attack.
Jorgrun is engulfed in poison gas.
Jorgrun looks as sick as possible!
Jorgrun barely misses you. The grasping roots constrict you!
You gain the combat prowess of a mighty hero.
You block the demonic crawler's attack.
The demonic crawler hits you but does no damage. x2
Jorgrun casts a spell at you. The iron shot hits you!!!
* * * LOW HITPOINT WARNING * * *
You die...

............∆
######.^.....)....
..................
####.^..#..........
##........##.#.... .#
###...............####....
##............#gs..#...#
...............@....#
..................###
..............#.###
..............#.#
.......<..(...#.#
##............#.#
#............#.#
##........†..###
#####....#.....


You could see Jorgrun and a demonic crawler.

Vanquished Creatures
  Rupert (Lair:5)
  Gastronok (Lair:1)
  Kirke (Lair:4)
  An orc warlord (Orc:2)
  A minotaur (Gauntlet)
  4 dire elephants
  Erolcha (D:10)
  2 ogre magi
  A rakshasa (D:15)
  8 hydras
  An anaconda (Lair:6)
  12 two-headed ogres
  4 centaur warriors
  6 death yaks
  2 tengu warriors (D:13)
  An orc high priest (Orc:2)
  Nergalle (Orc:2)
  Sonja (Lair:5)
  3 skeletal warriors (D:14)
  An unseen horror (shapeshifter) (D:13)
  6 unseen horrors
  A lindwurm (Lair:6)
  2 wizards
  A necromancer (Lair:2)
  10 ugly things
  An orb spider (Spider:1)
  6 orc knights
  A wolf spider (D:15)
  An orc sorcerer (Orc:2)
  An oklob plant (Lair:1)
  7 cyclopes
  2 manticores
  2 merfolk sirens (Lair:2)
  4 elephants (Lair:6)
  4 black mambas
  Psyche (D:10)
  5 centaur skeletons
  8 spiny frogs
  An apocalypse crab (Gauntlet)
  2 minotaur zombies (Gauntlet)
  A spiny frog (shapeshifter) (D:12)
  3 gargoyles
  2 rime drakes
  A freezing wraith (D:14)
  An efreet (D:15)
  4 komodo dragons
  9 trolls
  A jumping spider (Spider:1)
  3 hornets
  A polar bear (Lair:5)
  2 raiju (Gauntlet)
  21 blink frogs
  3 slime creatures (D:13)
  5 hippogriffs
  Sigmund (D:2)
  2 centaur simulacra (D:15)
  3 redbacks (Lair:3)
  3 wyverns
  2 shadows
  A wraith (D:11)
  3 hogs (Lair:4)
  43 yaks
  2 basilisks (Lair:1)
  A hungry ghost (D:11)
  5 wargs
  3 acid dragons
  18 water moccasins
  7 porcupines
  31 orc warriors
  9 sky beasts
  2 black bears
  3 ice beasts
  2 necrophages
  4 phantoms
  19 centaurs
  10 wolves
  15 ogres
  7 crocodiles
  15 bullfrogs
  2 wyvern zombies
  2 wyvern skeletons
  13 killer bees
  5 scorpions
  13 wights
  6 howler monkeys
  4 electric eels (D:10)
  11 crimson imps
  2 bullfrog zombies
  2 centaur zombies
  A quasit (D:9)
  3 jellies
  19 orc priests
  A bullfrog skeleton (D:10)
  9 hounds
  A gnoll shaman (D:4)
  An iguana (D:9)
  19 orc wizards
  Terence (D:2)
  Crazy Yiuf (D:3)
  A lightning spire (Gauntlet)
  A yak simulacrum (Lair:2)
  12 worker ants
  2 polar bear simulacra (Lair:2)
  4 wolf simulacra (Lair:2)
  A hound zombie (D:9)
  A hound skeleton (D:4)
  Robin (D:2)
  2 worker ant zombies
  16 adders
  13 gnolls
  8 shadow imps
  6 oozes (Lair:5)
  2 adder skeletons
  7 worms
  A dart slug (D:3)
  5 leopard geckos
  84 orcs
  A ball python (D:3)
  6 giant cockroaches
  13 goblins
  9 hobgoblins
  7 jackals
  10 kobolds
  6 quokkas
  8 bats
  5 frilled lizards
  A jackal zombie (D:6)
  3 leopard gecko skeletons
  5 rats
  4 river rat simulacra (Lair:2)
  4 plants
752 creatures vanquished.

Vanquished Creatures (collateral kills)
  Louise (D:14)
  A leopard gecko zombie (D:5)
2 creatures vanquished.

Vanquished Creatures (others)
  3 centaurs
  A killer bee (D:10)
  7 fungi
  25 plants
36 creatures vanquished.

Grand Total: 790 creatures vanquished

Notes
Turn   | Place    | Note
-------+----------+-------------------------------------------
     0 | D:1      | Mort the Gnoll Necromancer began the quest for the Orb.
     0 | D:1      | Reached XP level 1. HP: 13/13 MP: 6/6
   447 | D:1      | Reached XP level 2. HP: 15/19 MP: 4/7
   839 | D:2      | Reached XP level 3. HP: 20/25 MP: 2/9
   921 | D:2      | Reached skill level 5 in Spellcasting
   954 | D:2      | Noticed Sigmund
  1114 | D:2      | Learned a level 3 spell: Vampiric Draining
  1190 | D:2      | Reached skill level 1 in Invocations
  1196 | D:2      | Reached skill level 1 in Fighting
  1196 | D:2      | Reached skill level 1 in Short Blades
  1196 | D:2      | Reached skill level 1 in Long Blades
  1196 | D:2      | Reached skill level 1 in Axes
  1196 | D:2      | Reached skill level 1 in Maces & Flails
  1196 | D:2      | Reached skill level 1 in Polearms
  1196 | D:2      | Reached skill level 1 in Staves
  1196 | D:2      | Reached skill level 1 in Slings
  1196 | D:2      | Reached skill level 1 in Bows
  1196 | D:2      | Reached skill level 1 in Crossbows
  1196 | D:2      | Reached skill level 1 in Throwing
  1196 | D:2      | Reached skill level 1 in Armour
  1196 | D:2      | Reached skill level 1 in Shields
  1196 | D:2      | Reached skill level 1 in Unarmed Combat
  1196 | D:2      | Reached skill level 1 in Evocations
  1309 | D:1      | Reached XP level 4. HP: 29/32 MP: 6/11
  1397 | D:2      | Noticed Robin
  1498 | D:2      | Killed Robin
  1606 | D:2      | Reached skill level 1 in Conjurations
  1606 | D:2      | Reached skill level 1 in Hexes
  1606 | D:2      | Reached skill level 1 in Charms
  1606 | D:2      | Reached skill level 1 in Summonings
  1606 | D:2      | Reached skill level 1 in Translocations
  1606 | D:2      | Reached skill level 1 in Transmutations
  1606 | D:2      | Reached skill level 1 in Fire Magic
  1606 | D:2      | Reached skill level 1 in Ice Magic
  1606 | D:2      | Reached skill level 1 in Air Magic
  1606 | D:2      | Reached skill level 1 in Earth Magic
  1606 | D:2      | Reached skill level 1 in Poison Magic
  1643 | D:2      | Killed Sigmund
  1643 | D:2      | Reached XP level 5. HP: 25/38 MP: 5/12
  1643 | D:2      | Reached XP level 6. HP: 29/44 MP: 5/13
  1646 | D:2      | Learned a level 1 spell: Animate Skeleton
  1650 | D:2      | Learned a level 3 spell: Regeneration
  1840 | D:2      | Found a faded altar of an unknown god.
  1874 | D:2      | Noticed Terence
  1876 | D:2      | Found a glowing golden altar of the Shining One.
  1876 | D:2      | Found a white marble altar of Elyvilon.
  1889 | D:2      | Killed Terence
  2004 | D:2      | Found an ancient bone altar of Kikubaaqudgha.
  2004 | D:2      | Found an iron altar of Okawaru.
  2010 | D:2      | Became a worshipper of Warmaster Okawaru
  2141 | D:2      | Reached skill level 5 in Dodging
  2501 | D:3      | Found a stormy altar of Qazlal.
  2526 | D:3      | Found an ornate altar of the Wu Jian Council.
  3164 | D:3      | Reached XP level 7. HP: 47/50 MP: 15/15
  3456 | D:3      | Found a runed translucent door.
  3457 | D:3      | Noticed Crazy Yiuf
  3468 | D:3      | Killed Crazy Yiuf
  3960 | D:4      | Reached * piety under Okawaru
  4238 | D:4      | Reached skill level 5 in Stealth
  5096 | D:5      | Entered Level 5 of the Dungeon
  5213 | D:5      | Found a snail-covered altar of Cheibriados.
  5269 | D:5      | Reached XP level 8. HP: 35/57 MP: 12/16
  5457 | D:5      | Learned a level 2 spell: Call Imp
  5461 | D:5      | Learned a level 3 spell: Call Canine Familiar
  5757 | D:5      | Found Xiclore's Antique Armour Boutique.
  6157 | D:6      | Found a staircase to the Ecumenical Temple.
  6664 | D:6      | Identified the +12 chain mail of Zodusag {rElec rCorr
                  | Int+4} (You found it on level 6 of the Dungeon)
  7664 | D:7      | Found a sparkling altar of Nemelex Xobeh.
  8101 | D:8      | Reached XP level 9. HP: 35/63 MP: 18/18
  8141 | D:7      | Reached ** piety under Okawaru
  9384 | D:8      | Found Nazus's Food Boutique.
  9442 | D:8      | Found a radiant altar of Vehumet.
  9466 | D:8      | Found an opulent altar of Gozag.
  9888 | D:9      | Noticed a two-headed ogre
  9926 | D:9      | Killed a two-headed ogre
  9926 | D:9      | Reached *** piety under Okawaru
  9926 | D:9      | Reached skill level 5 in Invocations
  9926 | D:9      | Reached XP level 10. HP: 32/71 MP: 16/20
 10288 | D:9      | Reached **** piety under Okawaru
 10332 | D:9      | Reached skill level 5 in Fighting
 10332 | D:9      | Reached skill level 5 in Short Blades
 10332 | D:9      | Reached skill level 5 in Long Blades
 10332 | D:9      | Reached skill level 5 in Axes
 10332 | D:9      | Reached skill level 5 in Maces & Flails
 10332 | D:9      | Reached skill level 5 in Polearms
 10332 | D:9      | Reached skill level 5 in Staves
 10332 | D:9      | Reached skill level 5 in Slings
 10332 | D:9      | Reached skill level 5 in Bows
 10332 | D:9      | Reached skill level 5 in Crossbows
 10332 | D:9      | Reached skill level 5 in Throwing
 10332 | D:9      | Reached skill level 5 in Armour
 10332 | D:9      | Reached skill level 5 in Shields
 10332 | D:9      | Reached skill level 5 in Unarmed Combat
 10332 | D:9      | Reached skill level 5 in Evocations
 10745 | D:9      | Received a gift from Okawaru
 10756 | D:9      | Found a hide-covered altar of Uskayaw.
 11195 | D:9      | Found a staircase to the Lair.
 11496 | D:10     | Entered Level 10 of the Dungeon
 12230 | D:9      | Reached ***** piety under Okawaru
 12364 | D:10     | Noticed a wizard
 12422 | Lair:1   | Entered Level 1 of the Lair of Beasts
 12649 | Lair:1   | Reached XP level 11. HP: 81/81 MP: 22/22
 12670 | Lair:1   | Received a gift from Okawaru
 13269 | Lair:1   | Reached skill level 5 in Conjurations
 13269 | Lair:1   | Reached skill level 5 in Hexes
 13269 | Lair:1   | Reached skill level 5 in Charms
 13269 | Lair:1   | Reached skill level 5 in Summonings
 13269 | Lair:1   | Reached skill level 5 in Translocations
 13269 | Lair:1   | Reached skill level 5 in Transmutations
 13269 | Lair:1   | Reached skill level 5 in Fire Magic
 13269 | Lair:1   | Reached skill level 5 in Ice Magic
 13269 | Lair:1   | Reached skill level 5 in Air Magic
 13269 | Lair:1   | Reached skill level 5 in Earth Magic
 13269 | Lair:1   | Reached skill level 5 in Poison Magic
 13747 | Lair:1   | Noticed an oklob plant
 14712 | Lair:1   | Noticed Gastronok
 14766 | Lair:1   | Killed Gastronok
 14766 | Lair:1   | Received a gift from Okawaru
 14806 | Lair:1   | Got a smoking great sword {god gift}
 14973 | Lair:1   | Killed an oklob plant
 15157 | Lair:2   | Learned a level 2 spell: Ensorcelled Hibernation
 15169 | Lair:2   | Noticed a necromancer
 15219 | Lair:2   | Killed a necromancer
 15219 | Lair:2   | Reached XP level 12. HP: 43/89 MP: 16/24
 15813 | Lair:2   | Found a staircase to the Shoals.
 16048 | Lair:2   | Received a gift from Okawaru
 17375 | Lair:2   | Received a gift from Okawaru
 17566 | Lair:3   | Upgraded the game from 0.25-a0-21-ga5a8db46c7 to
                  | 0.25-a0-24-g72dcfe0359
 17669 | Lair:3   | Found a hole to the Spider Nest.
 18113 | Lair:3   | Noticed an eight-headed hydra
 18120 | Lair:3   | Killed an eight-headed hydra
 18788 | Lair:4   | Found a gate leading to a gauntlet.
 18792 | Gauntlet | Entered a Gauntlet
 18792 | Gauntlet | Found a transporter.
 18792 | Gauntlet | Found a transporter.
 18792 | Gauntlet | Found a transporter.
 18793 | Gauntlet | Found a transporter.
 18795 | Gauntlet | Noticed a death ooze
 18797 | Gauntlet | Found a transporter.
 18806 | Gauntlet | Found a transporter.
 18871 | Gauntlet | Found a transporter.
 18881 | Gauntlet | Found a transporter.
 18896 | Gauntlet | Found a transporter.
 18906 | Gauntlet | Found a transporter.
 18921 | Gauntlet | Found a transporter.
 18927 | Gauntlet | Found a transporter.
 19533 | Gauntlet | Noticed a minotaur
 19560 | Gauntlet | Killed a minotaur
 19986 | Gauntlet | Received a gift from Okawaru
 20000 | Gauntlet | Identified the Almanac of the Manifold Stories
 20303 | Lair:4   | Received a gift from Okawaru
 20313 | Lair:4   | Reached XP level 13. HP: 96/98 MP: 7/26
 20883 | Lair:5   | Noticed Kirke
 20938 | Lair:4   | Noticed a sphinx
 21260 | Lair:4   | Killed Kirke
 21260 | Lair:4   | Received a gift from Okawaru
 21330 | Lair:5   | Noticed Rupert
 21849 | Lair:5   | Found a staircase to the Slime Pits.
 21906 | Lair:5   | Paralysed by Rupert for 6 turns
 22350 | Lair:5   | Noticed Sonja
 22357 | Lair:5   | Killed Sonja
 22357 | Lair:5   | Received a gift from Okawaru
 22625 | Lair:5   | Got a twisted war axe {god gift}
 22985 | Lair:5   | Killed Rupert
 22991 | Lair:6   | Entered Level 6 of the Lair of Beasts
 23267 | Lair:6   | Reached skill level 10 in Necromancy
 23602 | Lair:5   | Received a gift from Okawaru
 23698 | Lair:5   | HP: 3/99 [death yak (20)]
 24396 | Lair:6   | Reached skill level 10 in Spellcasting
 24404 | Lair:6   | Reached XP level 14. HP: 63/106 MP: 16/28
 24657 | Lair:6   | Got a bloodstained cloak
 24806 | Lair:6   | Identified the +1 cloak "Vack" {rN++ Str+2 Slay+2} (You
                  | found it on level 6 of the Lair of Beasts)
 25304 | Lair:6   | Identified the +3 war axe "Dioden" {drain, rElec rF- MR+
                  | Dex+7} (Okawaru gifted it to you on level 5 of the Lair of
                  | Beasts)
 25380 | Lair:6   | Noticed a dire elephant
 25395 | Lair:6   | Killed a dire elephant
 25668 | Lair:6   | Noticed a dire elephant
 25668 | Lair:6   | Noticed a dire elephant
 25693 | Lair:6   | Killed a dire elephant
 25693 | Lair:6   | Reached skill level 10 in Dodging
 25714 | Lair:6   | Killed a dire elephant
 25957 | Lair:6   | Identified the Almanac of Mutagenic Weightlessness
 25968 | Lair:6   | Learned a level 2 spell: Poisonous Vapours
 25972 | Lair:6   | Learned a level 3 spell: Mephitic Cloud
 25977 | Lair:6   | Learned a level 4 spell: Olgreb's Toxic Radiance
 26437 | D:9      | Identified a scroll of acquirement
 26440 | D:9      | Got an encrusted buckler
 26912 | D:10     | Noticed Psyche
 26919 | D:10     | Killed Psyche
 26919 | D:10     | Reached skill level 10 in Stealth
 27154 | D:10     | Noticed Erolcha
 27163 | D:10     | Killed Erolcha
 27184 | D:10     | Identified the Guide on the Oath
 27202 | D:10     | Got a polished spear
 27206 | D:10     | Got an ichor-stained arbalest
 27257 | D:10     | Identified the +3 buckler "Cyschuu" {*Corrode Dex+4} (You
                  | acquired it on level 9 of the Dungeon)
 27267 | D:10     | Identified the +8 spear "Diugho Tesang" {freeze, Str+2
                  | Int-5 Dex+2} (You found it on level 10 of the Dungeon)
 27269 | D:10     | Identified the +7 arbalest "Ezihic" {elec, Dex+4 Stlth+}
                  | (You found it on level 10 of the Dungeon)
 27381 | D:10     | Identified the +11 trident of Uskayaw's Hope {pierce, *Rage
                  | +Rage Str+4 Int+4}
 27706 | D:10     | Found an opulent altar of Gozag.
 27751 | D:10     | Received a gift from Okawaru
 27751 | D:10     | Reached skill level 10 in Invocations
 27803 | D:10     | Identified the +7 great sword of the Modern Demons {slice,
                  | rElec rC+ Int+4 SInv} (Okawaru gifted it to you on level 1
                  | of the Lair of Beasts)
 27806 | D:11     | Found a portal to a secret trove of treasure.
 28083 | D:11     | Received a gift from Okawaru
 28189 | D:11     | Received a gift from Okawaru
 28799 | D:11     | Found a staircase to the Orcish Mines.
 29012 | D:11     | Reached XP level 15. HP: 114/114 MP: 29/29
 29230 | D:11     | Received a gift from Okawaru
 29986 | D:12     | Received a gift from Okawaru
 30639 | D:13     | Upgraded the game from 0.25-a0-24-g72dcfe0359 to
                  | 0.25-a0-35-g747a2b3c0c
 31070 | D:13     | Found a runed translucent gate.
 31070 | D:13     | Found a runed translucent gate.
 31070 | D:13     | Found a runed translucent gate.
 31070 | D:13     | Found an iron altar of Okawaru.
 31070 | D:13     | Noticed demivan's ghost (journeyman GnFi)
 31761 | D:14     | Noticed Louise
 31792 | D:14     | Killed Louise
 32238 | D:14     | Reached ****** piety under Okawaru
 32238 | D:14     | Received a gift from Okawaru
 32668 | D:14     | Reached skill level 10 in Fighting
 32668 | D:14     | Reached skill level 10 in Short Blades
 32668 | D:14     | Reached skill level 10 in Long Blades
 32668 | D:14     | Reached skill level 10 in Axes
 32668 | D:14     | Reached skill level 10 in Maces & Flails
 32668 | D:14     | Reached skill level 10 in Polearms
 32668 | D:14     | Reached skill level 10 in Staves
 32668 | D:14     | Reached skill level 10 in Slings
 32668 | D:14     | Reached skill level 10 in Bows
 32668 | D:14     | Reached skill level 10 in Crossbows
 32668 | D:14     | Reached skill level 10 in Throwing
 32668 | D:14     | Reached skill level 10 in Armour
 32668 | D:14     | Reached skill level 10 in Shields
 32668 | D:14     | Reached skill level 10 in Unarmed Combat
 32668 | D:14     | Reached skill level 10 in Evocations
 33007 | D:14     | Found a gate to the Vaults.
 33178 | D:15     | Entered Level 15 of the Dungeon
 33702 | D:15     | Received a gift from Okawaru
 34121 | D:15     | Found a staircase to the Depths.
 34340 | D:15     | Received a gift from Okawaru
 34425 | D:15     | Reached XP level 16. HP: 98/122 MP: 31/31
 35213 | Orc:1    | Entered Level 1 of the Orcish Mines
 35656 | Orc:1    | You fall into a shaft and drop 1 floor!
 35656 | Orc:2    | Entered Level 2 of the Orcish Mines
 36123 | Orc:2    | Received a gift from Okawaru
 36582 | Orc:2    | Found a roughly hewn altar of Beogh.
 36814 | Orc:2    | Noticed Nergalle
 36891 | Orc:2    | Killed Nergalle
 36891 | Orc:2    | Received a gift from Okawaru
 36933 | Orc:2    | Found a roughly hewn altar of Beogh.
 36940 | Orc:2    | Found Uletuh's Antique Armour Shoppe.
 37341 | Orc:2    | Found Piczupha's Book Shoppe.
 37384 | Orc:2    | Found Boseel's Antique Weapon Shoppe.
 37515 | Orc:2    | Found a staircase to the Elven Halls.
 37616 | Orc:2    | Found Vozxufu's General Store.
 37947 | Orc:1    | Learned a level 4 spell: Petrify
 38077 | Spider:1 | Entered Level 1 of the Spider Nest
 38124 | Spider:1 | Noticed Jorgrun
 38152 | Spider:1 | Slain by Jorgrun

Levels and vault maps discovered:
D:1:      nicolae_arrival_washed_ashore, layout_basic
D:2:      layout_rooms, grunt_temple_overflow_cloverleaf,
          chequers_ecumenical_altar_island, minmay_cut_off, uniq_robin,
          uniq_terence, uniq_sigmund
D:3:      layout_loops_corners, old_standard_altar, first_ration,
          minmay_misc_feat_secret_circle, grunt_qazlal_clouds,
          uniq_crazy_yiuf_cottage
D:4:      layout_rooms, kennysheep_generic_room_5
D:5:      layout_cave_pods, slow_altar_1, serial_shops,
          nicolae_shop_behind_doors
D:6:      layout_loops_ring, minmay_temple_entry_trees,
          minmay_increasing_density
D:7:      layout_basic, nemelex_altar_shiori
D:8:      layout_rooms, kennysheep_mini_moat,
          nicolae_gozag_cash_rules_everything_around_me, special_room
          [special_room_orc], serial_shops, nicolae_shop_window_shopping,
          minmay_starry_boxes
D:9:      layout_basic, kennysheep_little_box, lair_entry_dummy
D:10:     minmay_the_grid_square_5x5_3x3 [minmay_the_grid_square_5x5_shrine1,
          minmay_the_grid_square_5x5_bite, minmay_the_grid_square_5x5_dogpile,
          minmay_the_grid_square_5x5_inverted_slash,
          minmay_the_grid_square_5x5_megaprize_diamond,
          minmay_the_grid_square_5x5_seven, minmay_the_grid_square_5x5_minimal,
          minmay_the_grid_square_5x5_two, minmay_the_grid_square_5x5_z],
          layout_basic, basic_altar, hangedman_pestilent_swarm, uniq_erolcha,
          uniq_psyche
D:11:     hangedman_cross_cluster, layout_grid_maze,
          nicolae_trove_entry_crossroad
D:12:     layout_irregular_city
D:13:     layout_roguey, gammafunk_ghost_fury_of_okawaru
D:14:     layout_gridville, david_vaults_2, nrook_mini_vaults, uniq_louise
D:15:     hangedman_depths_entry_try_elsewhere_first, layout_gridville,
          hangedman_decor_lopped, grunt_ministairs_4
Lair:1:   layout_roguey, nicolae_quartered_pool_medium, grunt_megastairs_5,
          minmay_lair_oklob_chamber, lemuel_fruit_tree, uniq_gastronok
Lair:2:   layout_gridlike, elwin_shoals_entry_rooms, grunt_forest_stairs_basic,
          eino_house_with_fridge
Lair:3:   layout_loops_ring, spider_nest_entry_webs,
          chequers_serial_rivers_large_a
Lair:4:   layout_cave_pods, gauntlet_entry_generic, st_stairs_6
Lair:5:   layout_concentric_octagons, nicolae_slime_entry_slimehenge,
          serial_forest, infiniplex_forest_clump_curved,
          infiniplex_forest_lined_corner, infiniplex_forest_end_2,
          infiniplex_forest_zigzag_1, infiniplex_forest_lined_3, uniq_kirke,
          uniq_sonja, uniq_rupert
Lair:6:   due_jungle_book, layout_gridlike
Spider:1: layout_chambers, uniq_azrael, uniq_nikola, uniq_jorgrun
Orc:1:    layout_caves
Orc:2:    grunt_orc_cross, layout_caves, mines1_david

Skill      XL: |  1  2  3  4  5  6  7  8  9 10 11 12 13 14 15 16 |
---------------+-------------------------------------------------+-----
Spellcasting   | 5 6 7 8 9 10 11 | 11.6
Invocations    | 1 2 3 4 5 6 7 8 9 10 11 | 11.4
Fighting       | 1 2 3 4 5 6 7 8 9 10 | 10.5
Short Blades   | 1 2 3 4 5 6 7 8 9 10 | 10.5
Long Blades    | 1 2 3 4 5 6 7 8 9 10 | 10.5
Axes           | 1 2 3 4 5 6 7 8 9 10 | 10.5
Maces & Flails | 1 2 3 4 5 6 7 8 9 10 | 10.5
Polearms       | 1 2 3 4 5 6 7 8 9 10 | 10.5
Staves         | 1 2 3 4 5 6 7 8 9 10 | 10.5
Slings         | 1 2 3 4 5 6 7 8 9 10 | 10.5
Bows           | 1 2 3 4 5 6 7 8 9 10 | 10.5
Crossbows      | 1 2 3 4 5 6 7 8 9 10 | 10.5
Throwing       | 1 2 3 4 5 6 7 8 9 10 | 10.5
Armour         | 1 2 3 4 5 6 7 8 9 10 | 10.5
Shields        | 1 2 3 4 5 6 7 8 9 10 | 10.5
Unarmed Combat | 1 2 3 4 5 6 7 8 9 10 | 10.5
Evocations     | 1 2 3 4 5 6 7 8 9 10 | 10.5
Conjurations   | 1 2 3 4 5 6 7 8 9 |  9.0
Hexes          | 1 2 3 4 5 6 7 8 9 |  9.0
Charms         | 1 2 3 4 5 6 7 8 9 |  9.0
Summonings     | 1 2 3 4 5 6 7 8 9 |  9.0
Translocations | 1 2 3 4 5 6 7 8 9 |  9.0
Transmutations | 1 2 3 4 5 6 7 8 9 |  9.0
Fire Magic     | 1 2 3 4 5 6 7 8 9 |  9.0
Ice Magic      | 1 2 3 4 5 6 7 8 9 |  9.0
Air Magic      | 1 2 3 4 5 6 7 8 9 |  9.0
Earth Magic    | 1 2 3 4 5 6 7 8 9 |  9.0
Poison Magic   | 1 2 3 4 5 6 7 8 9 |  9.0
Dodging        | 5 6 7 8 9 10 11 | 11.4
Stealth        | 5 6 7 8 9 10 11 | 11.3
Necromancy     | 8 9 10 11 | 11.2

Action                   |  1- 3 |  4- 6 |  7- 9 | 10-12 | 13-15 | 16-18 || total
-------------------------+-------+-------+-------+-------+-------+-------++-------
Melee: Dagger            |       |     5 |   394 |   560 |   264 |   106 ||  1329
       Bite              |       |       |    56 |   142 |   160 |    46 ||   404
       Punch             |       |       |     7 |    22 |    41 |       ||    70
       Trident           |       |       |       |   512 |   924 |    27 ||  1463
       War axe           |       |       |       |       |    27 |   137 ||   164
Throw: Stone             |     2 |       |     4 |       |       |       ||     6
       Dart              |       |       |    18 |     1 |     3 |       ||    22
       Throwing net      |       |       |       |       |     3 |       ||     3
 Cast: Pain              |    48 |   111 |   147 |    10 |       |       ||   316
       Vampiric Draining |       |     1 |     1 |     5 |       |       ||     7
       Call Canine Famil |       |       |     2 |       |     2 |       ||     4
       Ensorcelled Hiber |       |       |       |    64 |   269 |    73 ||   406
       Regeneration      |       |       |       |       |     1 |       ||     1
       Mephitic Cloud    |       |       |       |       |     2 |     1 ||     3
       Call Imp          |       |       |       |       |     4 |       ||     4
       Poisonous Vapours |       |       |       |       |       |    11 ||    11
       Olgreb's Toxic Ra |       |       |       |       |       |     1 ||     1
Invok: Heroism           |       |       |     4 |    19 |    13 |     4 ||    40
       Finesse           |       |       |       |     3 |     2 |       ||     5
Evoke: Wand              |       |       |       |    11 |    13 |     2 ||    26
       Phial of floods   |       |       |       |       |     1 |       ||     1
  Use: Scroll            |       |       |     5 |    21 |    23 |     1 ||    50
       Potion            |       |       |       |     8 |     8 |       ||    16
 Stab: Sleeping          |       |       |     3 |    23 |   122 |    38 ||   186
       Distracted        |       |       |     1 |       |     1 |       ||     2
       Invisible         |       |       |       |    12 |       |       ||    12
       Held in net/web   |       |       |       |       |     4 |       ||     4
  Eat: Chunk             |     1 |     5 |    18 |    18 |    18 |     9 ||    69
       Ration            |       |       |     1 |     5 |     8 |     1 ||    15
Armor: Robe              |     2 |     4 |    67 |       |       |       ||    73
       Chain mail        |       |       |       |   606 |   727 |    79 ||  1412
Dodge: Dodged            |     8 |    31 |   267 |   313 |   608 |   113 ||  1340
Block: Other             |       |       |       |     9 |   110 |       ||   119
       Reflection        |       |       |       |       |    19 |    13 ||    32
       Buckler           |       |       |       |       |   121 |   148 ||   269

Table legend:
 A = Non-vault XP
 B = Vault XP
 C = Vault XP percentage of total XP
 D = Non-vault monster count
 E = Vault monster count
 F = Vault count percentage of total count
                 A         B        C        D         E       F
            +---------+---------+-------+---------+---------+-------
      Total |   95574 |   51476 |  35.0 |     554 |     199 |  26.4
            +---------+---------+-------+---------+---------+-------
        D:1 |      39 |       6 |  13.3 |      16 |       3 |  15.8
        D:2 |     112 |     295 |  72.5 |      24 |      12 |  33.3
        D:3 |     217 |      37 |  14.6 |      28 |       1 |   3.4
        D:4 |     466 |      14 |   2.9 |      28 |       1 |   3.4
        D:5 |     233 |       5 |   2.1 |      14 |       1 |   6.7
        D:6 |      67 |     182 |  73.1 |       2 |       4 |  66.7
        D:7 |     637 |     232 |  26.7 |      11 |       3 |  21.4
        D:8 |     528 |     856 |  61.8 |      15 |      27 |  64.3
        D:9 |    4726 |     762 |  13.9 |      58 |       6 |   9.4
       D:10 |    3287 |    4146 |  55.8 |      31 |      19 |  38.0
       D:11 |    8735 |    9644 |  52.5 |      41 |      22 |  34.9
       D:12 |    2407 |       0 |   0.0 |       9 |       0 |   0.0
       D:13 |    9108 |       0 |   0.0 |      40 |       0 |   0.0
       D:14 |    5327 |    3911 |  42.3 |      17 |       4 |  19.0
       D:15 |   17127 |    3587 |  17.3 |      49 |       6 |  10.9
     Lair:1 |    5694 |    3973 |  41.1 |      29 |       7 |  19.4
     Lair:2 |    2842 |    1748 |  38.1 |      13 |      14 |  51.9
     Lair:3 |    2881 |     643 |  18.2 |      10 |       3 |  23.1
     Lair:4 |    2265 |    3234 |  58.8 |       8 |       6 |  42.9
     Lair:5 |    7773 |    3696 |  32.2 |      18 |      10 |  35.7
     Lair:6 |   14145 |    2855 |  16.8 |      34 |       5 |  12.8
   Spider:1 |     864 |       0 |   0.0 |       2 |       0 |   0.0
      Orc:1 |    2159 |       0 |   0.0 |      23 |       0 |   0.0
      Orc:2 |    3935 |    8581 |  68.6 |      34 |      38 |  52.8
   Gauntlet |       0 |    3069 | 100.0 |       0 |       7 | 100.0
            +---------+---------+-------+---------+---------+-------
